cohdb
Replays
Latest Replays
All Replays
Popular Replays
Top Player Replays
Match Explorer
How It Works
Community
CoH3 Stats
Reddit
Sign in to upload your games and track your stats! →
Sign in with Steam
Match 45195992
Unlisted
Match 45195992
Overview
Messages
Build Orders
End
Selects Armored Battlegroup
Engineer Squad
Construct Weapon Support Center
M1919 Machine Gun Team
Selects Veteran Crews
Mechanized Support Center
Bazooka Squad
M1919 Machine Gun Team
Construct Medical Station
Selects Strength in Steel
Scout Squad
M3 Armored Personnel Carrier
Bazooka Squad
Construct Barracks
.30 cal Machine Gun
Riflemen Squad
M1918 Browning Automatic Rifles
Improved M9 Bazooka Rockets
Riflemen Squad
Grenade Package
Selects M8 Scott SPG
M8 Scott SPG
Bazooka Squad
Selects UNKNOWN (2160077)
Bazooka Squad
Engineer Squad
Construct Tank Depot
Selects M31 Recovery Vehicle
Selects War Machine
M4A3E8 Sherman Easy Eight
Mr_NoteAr
User1diego
RustyEagle
BlindDeafOrphan
0
0
Comments
sign in to comment!
No comments posted yet!